 Dungeon Crawl Stone Soup version 0.28.0-62-gf88900778d (webtiles) character file.

Game seed: 16951705170642232001

4788 cbfl8 the Cleaver (level 10, -4/73 HPs)
             Began as a Demonspawn Fighter on July 2, 2023.
             Was an Elder of Okawaru.
             Slain by a wraith (9 damage)
             ... on level 9 of the Dungeon.
             The game lasted 00:10:31 (11813 turns).

cbfl8 the Cleaver (Demonspawn Fighter)             Turns: 11813, Time: 00:10:32

Health: -4/73      AC: 10    Str: 18    XL:     10   Next: 24%
Magic:  0/14       EV: 11    Int:  9    God:    Okawaru [****..]
Gold:   409        SH:  9    Dex: 16    Spells: 9/9 levels left

rFire   . . .      SeeInvis .   d - +5 war axe (flame)
rCold   . . .      Faith    .   b - +0 kite shield
rNeg    . . .      Spirit   +   t - +1 chain mail
rPois   +          Reflect  .   (helmet restricted)
rElec   .          Harm     .   (no cloak)
rCorr   .          Rampage  .   (no gloves)
Will    .....                   (no boots)
Stlth   ..........              e - amulet of guardian spirit
HPRegen 0.22/turn               h - ring of poison resistance
MPRegen 0.14/turn               g - +4 ring of evasion

@: mighty, slowed, very slow
A: antennae 1, hooves 1, (demonic guardian 1), powered by death 1, demonic touch
1
a: Renounce Religion, Heroism, Finesse


You were on level 9 of the Dungeon.
You worshipped Okawaru.
Okawaru was greatly pleased with you.
You visited 2 branches of the dungeon, and saw 10 of its levels.

You collected 409 gold pieces.

Inventory:

Hand Weapons
 a - a +0 war axe of draining
 d - a +5 war axe of flaming (weapon)
Armour
 b - a +0 kite shield (worn)
 t - a +1 chain mail (worn)
Jewellery
 e - an amulet of guardian spirit (around neck)
 g - a +4 ring of evasion (right hand)
 h - a ring of poison resistance (left hand)
Wands
 c - a wand of iceblast (10)
Scrolls
 i - a scroll of magic mapping
 l - 2 scrolls of teleportation
 m - 2 scrolls of blinking
 n - 2 scrolls of enchant armour
 o - a scroll of identify
Potions
 f - a potion of haste
Miscellaneous
 p - a phantom mirror


   Skills:
 + Level 4.7 Fighting
 * Level 8.6 Axes
 + Level 5.2 Armour
 * Level 3.9 Dodging
 * Level 4.9 Stealth
 + Level 4.0 Shields
 * Level 6.2 Invocations
 * Level 4.5 Evocations


You had 9 spell levels left.
You didn't know any spells.
Your spell library contained the following spells:

 Spells                   Type           Power      Damage    Failure   Level
 Apportation              Tloc           0%         N/A       100%        1
 Freeze                   Ice            0%         1d3       100%        1
 Corpse Rot               Necr/Air       0%         N/A       100%        2
 Poisonous Vapours        Pois/Air       0%         N/A       100%        2
 Scorch                   Fire           0%         2d5       100%        2
 Frozen Ramparts          Ice            0%         1d2       100%        3
 Flame Wave               Conj/Fire      0%         2d4       100%        4
 Hailstorm                Conj/Ice       0%         3d3       100%        4
 Passage of Golubria      Tloc           0%         N/A       100%        4
 Yara's Violent Unravell  Hex/Tmut       0%         3d3       100%        5
 Animate Skeleton         Necr           Unusable   N/A       N/A         1
 Summon Small Mammal      Summ           Unusable   N/A       N/A         1
 Tukima's Dance           Hex            Unusable   N/A       N/A         3
 Summon Cactus Giant      Summ           Unusable   N/A       N/A         6

Dungeon Overview and Level Annotations

Branches:
Dungeon (9/15)             Temple (1/1) D:5
   Lair: D:8-11         Orc: D:9-12

Altars:
Ashenzari
Cheibriados
Dithmenos
Elyvilon
Fedhas
Gozag
Hepliaklqana
Kikubaaqudgha
Okawaru
Qazlal
Ru
Trog
Uskayaw
Yredelemnul
Zin
The Shining One


Innate Abilities, Weirdness & Mutations

You have a pair of small antennae on your head.
You have large cloven feet.
((A weak demonic guardian rushes to your aid.))
You regenerate a little health from kills.
Your touch may inflict minor irresistible damage on your foes.


Message History

You hit the wyvern but do no damage. You kick the wyvern.
The wyvern is lightly wounded.
You block the wyvern's attack. The wyvern bites you!
You slash the wyvern! You burn the wyvern.
You kick the wyvern, but do no damage.
The wyvern is heavily wounded.
You hit the wraith but do no damage. You block the wyvern's attack.
The wraith hits you but does no damage.
The shadow slips into darkness.
The shadow flickers and vanishes!
Deactivating autopickup; reactivate with Ctrl-A.
The wyvern bites you! The wraith misses you.
You hit the wyvern. You burn the wyvern. You kick the wyvern, but do no damage.
The wyvern is severely wounded.
You hit the wraith but do no damage. The wyvern bites you.
The wraith completely misses you. The wyvern bites you.
Unknown command.
You hit the wyvern. You burn the wyvern. You kick the wyvern, but do no damage.
The wyvern is almost dead.
You hit the wraith. You burn the wraith. You block the wyvern's attack.
The wraith hits you but does no damage.
The shadow strikes at you from the darkness!
Reactivating autopickup.
The wyvern misses you.
You are too injured to fight recklessly!
Unknown command.
You are too injured to fight recklessly!
You are too injured to fight recklessly!
You feel better. The wraith hits you! The wraith drains your vigour!
You feel yourself slow down.
The wyvern bites you but does no damage.
The shadow closely misses you.
You feel very mighty all of a sudden. You block the wyvern's attack.
You block the wraith's attack. The wyvern bites you!
* * * LOW HITPOINT WARNING * * *
The shadow hits you!
* * * LOW HITPOINT WARNING * * *
The wraith hits you!
You die...

########## #........#
#........#
#........########
#...............#
########...##'####.....#
...........#.....#......
...........#.....#...†..
......W@.###.....#.#####
......lW.# ......#.#
.........#########.#
##.................#
#.................#
#.........#####...#
##.....####...#...# #
#.....#......###.# #
#........#.#####


You could see a wraith, a wyvern and a shadow.

Vanquished Creatures
  Maggie (D:6)
  5 yaks (D:8)
  A steam dragon (D:8)
  Duvessa (D:6)
  2 water moccasins (D:8)
  3 ice beasts
  An orc warrior (D:7)
  2 black bears
  A sky beast (D:7)
  2 necrophages
  3 ogres
  3 centaurs
  A kobold brigand (D:8)
  A gnoll sergeant (D:6)
  A wyvern zombie (D:8)
  Dowan (D:6)
  15 wights
  3 howler monkeys
  2 centaur zombies
  2 jellies (D:8)
  4 orc priests
  6 hounds
  A bullfrog skeleton (D:7)
  4 iguanas
  A scorpion zombie (D:5)
  6 orc wizards
  A hound skeleton (D:4)
  A mummy (D:7)
  Robin (D:2)
  6 gnolls (D:6)
  7 adders
  A shadow imp (D:7)
  A white imp (D:7)
  2 worms
  2 dart slugs (D:2)
  11 orcs
  5 ball pythons
  5 endoplasms
  3 giant cockroaches
  14 goblins
  10 hobgoblins
  A quokka (D:2)
  5 bats
  2 frilled lizards
  A hobgoblin zombie (D:7)
  11 kobolds
  A kobold zombie (D:7)
  2 orc zombies (D:7)
  A rat (D:2)
  A spectral hobgoblin (D:2)
168 creatures vanquished.

Vanquished Creatures (collateral kills)
  A black bear (D:5)
  A dart slug (D:2)
2 creatures vanquished.

Vanquished Creatures (others)
  A fungus (D:7)
1 creature vanquished.

Grand Total: 171 creatures vanquished

Notes
Turn   | Place    | Note
-------+----------+-------------------------------------------
     0 | D:1      | cbfl8 the Demonspawn Fighter began the quest for the Orb.
     0 | D:1      | Reached XP level 1. HP: 18/18 MP: 1/1
   147 | D:1      | Discovered your monstrous ancestry.
   147 | D:1      | Gained mutation: Your touch may inflict minor irresistible
                  | damage on your foes. [demonic ancestry]
   147 | D:1      | Reached XP level 2. HP: 18/24 MP: 2/2
  1199 | D:2      | Reached skill level 2 in Axes
  1391 | D:2      | Gained mutation: A weak demonic guardian rushes to your
                  | aid. [demonic ancestry]
  1391 | D:2      | Reached XP level 3. HP: 22/29 MP: 3/3
  1839 | D:2      | Found a faded altar of an unknown god.
  1951 | D:2      | Reached skill level 1 in Invocations
  2006 | D:2      | Reached skill level 1 in Stealth
  2154 | D:2      | Reached XP level 4. HP: 30/35 MP: 4/4
  2478 | D:2      | Noticed Robin
  2575 | D:2      | Killed Robin
  2576 | D:2      | Reached skill level 1 in Evocations
  3393 | D:3      | Found an ancient bone altar of Kikubaaqudgha.
  4109 | D:4      | Gained mutation: You have a pair of small antennae on your
                  | head. [demonic ancestry]
  4109 | D:4      | Reached XP level 5. HP: 41/41 MP: 6/6
  4187 | D:4      | Noticed an ice beast
  4195 | D:4      | Killed an ice beast
  4196 | D:4      | Reached skill level 3 in Axes
  4196 | D:4      | Reached skill level 1 in Dodging
  4404 | D:4      | Noticed a necrophage
  4416 | D:4      | Killed a necrophage
  4417 | D:4      | Reached XP level 6. HP: 40/47 MP: 5/7
  4465 | D:4      | Found a broken altar of Ashenzari.
  5036 | D:5      | Entered Level 5 of the Dungeon
  5061 | D:5      | Reached skill level 4 in Axes
  5428 | D:5      | Found a staircase to the Ecumenical Temple.
  5522 | D:5      | Noticed an ice beast
  5526 | D:5      | Reached XP level 7. HP: 44/52 MP: 5/8
  5614 | Temple   | Entered the Ecumenical Temple
  5638 | Temple   | Became a worshipper of Warmaster Okawaru
  5882 | D:5      | Reached skill level 5 in Axes
  6066 | D:6      | Reached * piety under Okawaru
  6068 | D:6      | Reached XP level 8. HP: 10/60 MP: 3/10
  6546 | D:6      | Noticed Maggie
  6558 | D:6      | Killed Maggie
  6559 | D:6      | Reached skill level 6 in Axes
  6725 | D:5      | Reached ** piety under Okawaru
  7120 | D:5      | Found a staircase to the Ecumenical Temple.
  8004 | D:6      | Noticed Dowan
  8005 | D:6      | Noticed Duvessa
  8306 | D:6      | Killed Duvessa
  8313 | D:6      | Killed Dowan
  8314 | D:6      | Gained mutation: You have large cloven feet. [demonic
                  | ancestry]
  8314 | D:6      | Reached XP level 9. HP: 37/65 MP: 6/12
  9297 | D:7      | Found a snail-covered altar of Cheibriados.
  9323 | D:7      | Reached skill level 7 in Axes
  9745 | D:7      | Reached skill level 5 in Invocations
 10228 | D:7      | Reached skill level 5 in Armour
 11125 | D:8      | Reached *** piety under Okawaru
 11215 | D:8      | Reached skill level 8 in Axes
 11243 | D:8      | Found a bloodstained altar of Trog.
 11357 | D:8      | Gained mutation: You regenerate a little health from kills.
                  | [demonic ancestry]
 11357 | D:8      | Reached XP level 10. HP: 66/73 MP: 12/14
 11431 | D:8      | Reached **** piety under Okawaru
 11813 | D:9      | Slain by a wraith

Illustrated notes

Levels and vault maps discovered:
D:1:      wheals_arrival_linesprint, layout_loops_ring, minmay_distorted
D:2:      layout_loops_corners, dreamdust_ecumenical_altar_drowned_temple,
          minmay_ruptured, uniq_robin
D:3:      layout_loops_ring, nicolae_overflow_hidden_temple, solitary_fountain,
          grunt_ministairs_12
D:4:      nicolae_cairo_tiling_large_dashed, layout_basic,
          nicolae_ashenzari_skybound, corexii_leaking_fountain
D:5:      layout_basic, minmay_temple_entry_sparse_star, serial_rivers,
          chequers_serial_rivers_small_b, chequers_serial_rivers_micro_b,
          chequers_serial_rivers_micro_b, chequers_serial_rivers_room_b,
          chequers_serial_rivers_micro_b, chequers_serial_rivers_small_b,
          kennysheep_generic_room_6
D:6:      layout_cave_pools, supply_closet_lemuel, uniq_maggie, uniq_duvessa
D:7:      layout_basic, zin_treasury, mainiacjoe_overflow_tiny_flanked,
          serial_rivers, chequers_serial_rivers_room_b,
          chequers_serial_rivers_micro_c, chequers_serial_rivers_micro_c,
          chequers_serial_rivers_large_a, chequers_serial_rivers_micro_a,
          minmay_mini_ossuary
D:8:      layout_cave_pods, general_overflow_altar,
          nicolae_overflow_crystal_walls
D:9:      layout_irregular_city
Temple:   zaba_magenta_temple

Skill      XL: |  1  2  3  4  5  6  7  8  9 10 |
---------------+-------------------------------+-----
Axes           | 2 3 4 5 6 8 |  8.6
Armour         | 3 4 5 |  5.2
Invocations    | 1 2 3 4 6 |  6.2
Stealth        | 1 2 3 4 |  4.9
Evocations     | 1 2 3 4 |  4.5
Shields        | 3 4 |  4.0
Dodging        | 1 2 3 |  3.9
Fighting       | 4 |  4.7

Action                   |  1- 3 |  4- 6 |  7- 9 | 10-12 || total
-------------------------+-------+-------+-------+-------++-------
Melee: War axe           |    99 |   141 |   297 |    27 ||   564
       Kick              |       |       |    41 |     8 ||    49
Invok: Heroism           |       |       |     2 |     1 ||     3
  Use: Scroll            |       |     7 |    11 |     2 ||    20
       Potion            |       |     1 |     9 |     2 ||    12
Armor: Scale mail        |    53 |    42 |       |       ||    95
       Chain mail        |       |    42 |   158 |    17 ||   217
Dodge: Dodged            |    53 |    79 |   173 |    17 ||   322
Block: Buckler           |    22 |    57 |    43 |       ||   122
       Kite shield       |       |       |    84 |    23 ||   107
